 Dungeon Crawl Stone Soup version 0.29-a0-40-g8eb35efe60 (webtiles) character file.

Game seed: 11684636819472242484

1619 fragbeetle the Cudgeller (level 8, -12/63 HPs)
             Began as a Ghoul Gladiator on Feb 2, 2022.
             Mangled by a wight (16 damage)
             ... on level 5 of the Dungeon.
             The game lasted 00:09:05 (6434 turns).

fragbeetle the Cudgeller (Ghoul Gladiator)          Turns: 6434, Time: 00:09:06

Health: -12/63     AC:  5    Str: 20    XL:     8   Next: 96%
Magic:  7/7        EV: 12    Int:  3    God:
Gold:   251        SH:  0    Dex: 14    Spells: 7/7 levels left

rFire   + + .      SeeInvis .   a - +9 mace of the Abyss {vorpal, rElec rF+ Dex+4}
rCold   + + +      Faith    .   (no shield)
rNeg    + + +      Spirit   .   r - +1 leather armour {rC+}
rPois   ∞          Reflect  .   b - +0 helmet
rElec   +          Harm     .   v - scarf {rC+ rF+}
rCorr   .          Rampage  .   (no gloves)
Will    .....                   (no boots)
Stlth   ++........              (no amulet)
HPRegen 0.00/turn               (no ring)
MPRegen 0.10/turn               (no ring)

@: inhibited regen
A: claws 1, cold resistance 1, negative energy resistance 3, inhibited
regeneration, torment resistance 2
a: no special abilities


You were on level 5 of the Dungeon.
You visited 1 branch of the dungeon, and saw 6 of its levels.

You collected 251 gold pieces.

Inventory:

Hand Weapons
 a - the +9 mace of the Abyss (weapon) {vorpal, rElec rF+ Dex+4}
   (You took it off a kobold on level 3 of the Dungeon)

   It inflicts extra damage upon your enemies.
   Dex:       It affects your dexterity (+4).
   rF:        It protects you from fire.
   rElec:     It insulates you from electricity.
 j - a +0 hunting sling
Missiles
 c - 3 throwing nets
 k - 99 stones (quivered)
Armour
 b - a +0 helmet (worn)
 r - a +1 leather armour of cold resistance (worn)
 v - a scarf of resistance (worn)
Jewellery
 o - a ring of see invisible
 y - an amulet of guardian spirit
 B - an amulet of the acrobat
Wands
 q - a wand of acid (12)
Scrolls
 f - 3 scrolls of teleportation
 h - 3 scrolls of identify
 i - 2 scrolls of noise {unknown}
 l - 2 scrolls of enchant weapon {unknown}
 n - 2 scrolls of fear {unknown}
 u - a scroll of amnesia {unknown}
 x - 2 scrolls of enchant armour {unknown}
 z - a scroll of fog {unknown}
Potions
 d - 2 potions of curing {unknown}
 e - a potion of lignification {unknown}
 g - 4 potions of brilliance {unknown}
 m - 2 potions of invisibility {unknown}
 p - a potion of mutation {unknown}
 s - 2 potions of heal wounds {unknown}
 t - a potion of resistance {unknown}
 w - a potion of haste {unknown}
 A - a potion of ambrosia {unknown}


   Skills:
 - Level 3.0 Fighting
 * Level 7.2 Maces & Flails
 + Level 5.7 Throwing
 - Level 3.0 Dodging
 - Level 3.1 Stealth
 - Level 4.3 Unarmed Combat


You had 7 spell levels left.
You didn't know any spells.
Your spell library was empty.

Dungeon Overview and Level Annotations

Branches:
Dungeon (6/15)
 Temple: D:4-7

Altars:
Ashenzari
Cheibriados

Annotations:
D:6 exclusion: two-headed ogre


Innate Abilities, Weirdness & Mutations

You thrive by killing the living.
You are immune to poison.
You have sharp fingernails.
Your flesh is cold resistant. (rC+)
You are immune to negative energy. (rN+++)
You do not regenerate when monsters are visible.
You are immune to unholy pain and torment.


Message History

You thump the iguana!
You kill the iguana!
No target in view!
No target in view!
You start resting.
HP restored.
You climb downwards.
Level annotation: exclusion: two-headed ogre The wight hits you with a +5 hand axe.
The wight hits you with a +4 scimitar of freezing!
The wight freezes you. The wight completely misses you.
The wight barely misses you.
There is a stone staircase leading up here.
The wight hits you with a +5 hand axe!
There is an open door here.
There is an open door here.
There is an open door here.
Things that are here:
a +0 robe; a +2 halberd
There is a stone staircase leading up here.
You climb upwards.
There is a stone staircase leading down here.
You climb downwards.
Level annotation: exclusion: two-headed ogre The wight hits you with a +5 hand axe.
The wight hits you with a +5 hand axe!
* * * LOW HITPOINT WARNING * * *
There is a stone staircase leading up here.
Unknown command.
The wight hits you with a +4 scimitar of freezing!
* * * LOW HITPOINT WARNING * * *
The wight hits you with a +5 hand axe.
* * * LOW HITPOINT WARNING * * *
You climb upwards.
There is a stone staircase leading down here.
Okay, then.
As you read the scroll labelled OHUSOFUWKORGHO, it crumbles to dust.
It is a scroll of identify.
f - 3 scrolls of teleportation The wight misses you.
The wight hits you with a +5 hand axe!
You die...

#.# #.# ####.#### ####.......#
##### #........#.######...#
#.#####...........#.# #.#
#..#.######...# ########.#
#z...# ##.## #........# #@...#
#.# #.######.#####z.### #.# #.#
#........# #.# #<# #........#
######.## #.# #######'##
#.......# #.### ##...##
#.####..# ##...## ##.....###.#
##..#
#.###.######.......##.###...####
##.#
#...............#.##........


You could see 2 wights.

Vanquished Creatures
  Sigmund (D:4)
  2 water moccasins
  A sky beast (D:5)
  A black bear (D:5)
  2 ogres
  2 necrophages
  A gnoll sergeant (D:5)
  A scorpion (D:5)
  2 wights (D:6)
  A howler monkey (D:5)
  A centaur zombie (D:5)
  A hound (D:4)
  A jelly (D:6)
  A centaur skeleton (D:3)
  2 iguanas
  An orc wizard (D:4)
  A killer bee zombie (D:5)
  8 gnolls (D:5)
  8 adders
  A white imp (D:5)
  3 worms
  3 dart slugs
  14 orcs
  9 ball pythons
  2 bats
  7 endoplasms
  3 giant cockroaches
  3 goblins
  6 hobgoblins
  10 jackals
  3 quokkas
  12 frilled lizards
  6 kobolds
  6 rats
126 creatures vanquished.

Notes
Turn   | Place    | Note
-------+----------+-------------------------------------------
     0 | D:1      | fragbeetle the Ghoul Gladiator began the quest for the Orb.
     0 | D:1      | Reached XP level 1. HP: 17/17 MP: 0/0
    54 | D:1      | Found a faded altar of an unknown god.
   500 | D:1      | Reached XP level 2. HP: 25/25 MP: 1/1
   698 | D:1      | Reached skill level 1 in Stealth
   740 | D:1      | Reached XP level 3. HP: 30/30 MP: 2/2
  1549 | D:2      | Reached XP level 4. HP: 37/37 MP: 3/3
  1707 | D:2      | You fall into a shaft and drop 1 floor!
  2484 | D:3      | Found a snail-covered altar of Cheibriados.
  2547 | D:3      | Identified the +9 mace of the Abyss {vorpal, rElec rF+
                  | Dex+4}
  2610 | D:3      | Noticed a necrophage
  2617 | D:3      | Killed a necrophage
  2618 | D:3      | Reached skill level 1 in Maces & Flails
  2618 | D:3      | Reached XP level 5. HP: 45/45 MP: 4/4
  2896 | D:4      | Reached skill level 2 in Maces & Flails
  2896 | D:4      | Reached XP level 6. HP: 51/51 MP: 5/5
  3079 | D:4      | Noticed Sigmund
  3924 | D:4      | Killed Sigmund
  3925 | D:4      | Reached skill level 3 in Maces & Flails
  3925 | D:4      | Reached XP level 7. HP: 57/57 MP: 6/6
  3937 | D:5      | Entered Level 5 of the Dungeon
  3944 | D:5      | Reached skill level 4 in Maces & Flails
  4274 | D:5      | Found a broken altar of Ashenzari.
  4378 | D:5      | Reached skill level 5 in Maces & Flails
  4595 | D:5      | Reached XP level 8. HP: 26/63 MP: 7/7
  5075 | D:5      | Reached skill level 6 in Maces & Flails
  5075 | D:5      | Reached skill level 5 in Throwing
  5922 | D:6      | Noticed a two-headed ogre
  6176 | D:6      | Reached skill level 7 in Maces & Flails
  6434 | D:5      | Mangled by a wight

Illustrated notes

Levels and vault maps discovered:
D:1:      minmay_arrival_loop, layout_basic, ebering_ecumenical_altar_mist,
          minmay_lizard_pond
D:2:      layout_loops_cross, minmay_misc_feat_hallway, kennysheep_minor_cross,
          grunt_ministairs_10
D:3:      layout_loops_cross, cheibriados_altar_1
D:4:      layout_loops_ring, roderic_lattice_a, uniq_sigmund
D:5:      layout_loops_corners, nicolae_ashenzari_skybound
D:6:      layout_gridville, minmay_temple_entry_glass, minmay_misc_feat_alley

Skill      XL: |  1  2  3  4  5  6  7  8 |
---------------+-------------------------+-----
Throwing       | 2 3 4 5 |  5.7
Stealth        | 1 2 3 |  3.1
Dodging        | 3 |  3.0
Unarmed Combat | 4 |  4.3
Fighting       | 3 |  3.0
Maces & Flails | 1 2 3 5 7 |  7.2

Action                   |  1- 3 |  4- 6 |  7- 9 || total
-------------------------+-------+-------+-------++-------
Melee: Unarmed           |   160 |    51 |       ||   211
       Punch             |     4 |     3 |     2 ||     9
       Mace              |       |    56 |    92 ||   148
Throw: Stone             |       |       |     1 ||     1
Evoke: Wand              |       |     1 |     2 ||     3
  Use: Scroll            |       |       |     1 ||     1
 Stab: Sleeping          |       |     6 |     5 ||    11
Armor: Leather armour    |    41 |    17 |    15 ||    73
Dodge: Dodged            |   101 |    52 |    54 ||   207

Table legend: (Time is in decaauts)
 A = Elapsed time spent in this place.
 B = Non-inter-level travel time spent in this place.
 C = Inter-level travel time spent in this place.
 D = Time resting spent in this place.
 E = Time spent auto-exploring this place.
 F = Levels seen in this place.
 G = Mean time per level.
                   A        B        C        D        E       F      G
               +--------+--------+--------+--------+--------+-----+--------+
         Total |   6447 |   6242 |    205 |   1096 |   4234 |   6 | 1074.5 |
       Dungeon |   6447 |   6242 |    205 |   1096 |   4234 |   6 | 1074.5 |
               +--------+--------+--------+--------+--------+-----+--------+

Top non-repeatable levels by time:
     D:5: 1812 daAuts
     D:4: 1071 daAuts
     D:2: 1036 daAuts
     D:1: 973 daAuts
     D:3: 856 daAuts
     D:6: 697 daAuts
